 Dungeon Crawl Stone Soup version 0.30-a0-808-g6e0788376e (webtiles) character file.

Game seed: 18184692175831776155

672077 groundbeetle the Ruinous (level 27, -10/152 HPs)
             Began as a Demonspawn Earth Elementalist on Feb 26, 2023.
             Was the Champion of Vehumet.
             Mangled by an Orb Guardian (13 damage)
             ... on level 5 of the Realm of Zot on Feb 27, 2023.
             The game lasted 02:43:44 (80198 turns).

groundbeetle the Ruinous (DsEE)                    Turns: 80198, Time: 02:43:44

Health: -10/152    AC: 13    Str:  4    XL:     27
Magic:  2/45       EV:  9    Int: 35    God:    Vehumet [******]
Gold:   7540       SH:  0    Dex: 17    Spells: 24/62 levels left

rFire   + + +      SeeInvis +    n - staff of conjuration
rCold   + + +      Faith    .    P - +2 shield of Resistance {rF++ rC++ Will++}
rNeg    + + +      Spirit   .    U - +1 robe "Xephuuka" {+Blink rPois rC- Archmagi}
rPois   +          Reflect  .    g - +2 helmet {Int+3}
rElec   +          Harm     .    K - +1 cloak of the Tanner {rC++}
rCorr   +          Rampage  .    (gloves unavailable)
Will    +++..      Archmagi +    H - +0 pair of boots "Foshroan" {Fly rN+++ Will-}
Stlth   +                        l - amulet "Zani" {RegenMP rN+}
HPRegen 0.00/turn                X - +6 ring of intelligence
MPRegen 0.69/turn                Q - ring of see invisible

@: about to teleport, resistant, marked, flying, contaminated, held, inhibited
regen, hasted and slowed, glowing, studying 2 skills, unable to read, unable to
drink
A: claws 3, molten scales 3, ignite blood 3, powered by death 3, black mark,
bedeviling, aura of silence, dopey 1, frail 2, inhibited regeneration, weak 2,
inability to drink after injury 2, inability to read after injury 1, MP-powered
wands
}: 5/15 runes: serpentine, barnacled, slimy, silver, abyssal
a: Renounce Religion, Evoke Blink


You were on level 5 of the Realm of Zot.
You worshipped Vehumet.
Vehumet was exalted by your worship.
You visited 13 branches of the dungeon, and saw 57 of its levels.
You visited the Abyss 1 time.
You also visited: Ossuary, Gauntlet and Ice Cave.

You collected 10670 gold pieces.
You spent 3130 gold pieces at shops.

Inventory:

Missiles
 v - 6 throwing nets
 W - 17 silver javelins (quivered)
Armour
 g - a +2 helmet of intelligence (worn)
 C - the +4 dragonskin cloak
   (You took it off Tiamat on level 3 of the Realm of Zot)

   Avatar's Aegis: It grants the wearer a chance to resist fire, cold, poison,
   electricity, acid, and negative energy.
 H - the +0 pair of boots "Foshroan" (worn) {Fly rN+++ Will-}
   (You found it on level 5 of the Realm of Zot)

   rN:        It renders you almost immune to negative energy.
   Fly:       It grants you flight.
   Will:      It decreases your willpower.
 K - the +1 cloak of the Tanner (worn) {rC++}
   (You bought it in a shop on level 10 of the Dungeon)

   rC:        It greatly protects you from cold.
 P - the +2 shield of Resistance (worn) {rF++ rC++ Will++}
   (You found it on level 2 of the Elven Halls)

   rF:        It greatly protects you from fire.
   rC:        It greatly protects you from cold.
   Will:      It greatly increases your willpower.
 U - the +1 robe "Xephuuka" (worn) {+Blink rPois rC- Archmagi}
   (You found it on level 3 of the Elven Halls)

   rC:        It makes you vulnerable to cold.
   rPois:     It protects you from poison.
   +Blink:    It lets you blink.
   Archmagi:  It increases the power of your magical spells.
Magical Staves
 f - a staff of fire
 n - a staff of conjuration (weapon)
Jewellery
 l - the amulet "Zani" (around neck) {RegenMP rN+}
   (You found it on level 2 of the Crypt)

   [amulet of magic regeneration]

   It increases your rate of magic regeneration.
   rN:        It protects you from negative energy.
 r - a ring of wizardry
 D - a ring of willpower
 E - the ring of Raneuf {Dex+5 SInv}
   (You found it on level 5 of the Realm of Zot)

   [ring of see invisible]

   Dex:       It affects your dexterity (+5).
   SInv:      It lets you see invisible.
 Q - a ring of see invisible (right claw)
 V - a ring of flight
 X - a +6 ring of intelligence (left claw)
Wands
 p - a wand of polymorph (18)
 y - a wand of digging (32)
 I - a wand of charming (15)
 J - a wand of light (8)
Scrolls
 a - 7 scrolls of vulnerability
 c - 9 scrolls of amnesia
 d - 17 scrolls of enchant armour
 i - 20 scrolls of teleportation
 k - 13 scrolls of poison
 o - 3 scrolls of fear
 x - 5 scrolls of brand weapon
 F - 10 scrolls of enchant weapon
 G - 5 scrolls of magic mapping
 L - 5 scrolls of fog
 O - 6 scrolls of torment
 S - 4 scrolls of immolation
 Z - 2 scrolls of silence
Potions
 b - 14 potions of attraction
 e - 3 potions of invisibility
 j - 4 potions of ambrosia
 q - 10 potions of flight
 s - 9 potions of lignification
 t - 11 potions of mutation
 u - 31 potions of curing
 w - 14 potions of might
 z - 5 potions of haste
 A - 10 potions of resistance
 B - 3 potions of heal wounds
 M - 5 potions of berserk rage
 R - 5 potions of cancellation


   Skills:
 - Level 10.0 Fighting
 - Level 10.0 Dodging
 - Level 1.7 Stealth
 - Level 20.0 Shields
 - Level 18.0 Spellcasting
 - Level 24.0 Conjurations
 - Level 0.8 Transmutations
 - Level 20.0 Fire Magic
 - Level 12.8 Air Magic
 + Level 17.1 Earth Magic
 - Level 12.0 Evocations


You had 24 spell levels left.
You knew the following spells:

 Your Spells              Type           Power      Damage    Failure   Level
a - Iron Shot             Conj/Erth      78%        9d14      1%          6
b - Fireball              Conj/Fire      80%        3d30      0%          5
c - Ignition              Fire           65%        3d17      1%          8
d - Fire Storm            Conj/Fire      80%        8d20      5%          9
k - Blink                 Tloc           94%        N/A       2%          2
m - Maxwell's Capacitive  Air            55%        ∞         13%         8

Your spell library contained the following spells:

 Spells                   Type           Power      Damage    Failure   Level
 Shatter                  Erth           61%        3d46*     32%         9
 Foxfire                  Conj/Fire      100%       2x1d9     0%          1
 Kiss of Death            Conj/Necr      100%       2d13      0%          1
 Magic Dart               Conj           100%       1d8       0%          1
 Sandblast                Erth           100%       2d20      0%          1
 Scorch                   Fire           100%       2d10      0%          2
 Static Discharge         Conj/Air       100%       2-7/arc   0%          2
 Stone Arrow              Conj/Erth      100%       3d13      0%          3
 Flame Wave               Conj/Fire      100%       2d21      0%          4
 Sticky Flame             Conj/Fire      100%       2d11      0%          4
 Arcjolt                  Conj/Air       75%        1d85      0%          5
 Iskenderun's Battlesphe  Conj           100%       2d15      0%          5
 Freeze                   Ice            100%       1d10      1%          1
 Necrotise                Necr           100%       1d9       1%          1
 Slow                     Hex            100%       N/A       1%          1
 Sting                    Tmut/Pois      100%       1d8       1%          1
 Summon Small Mammal      Summ           100%       N/A       1%          1
 Cigotuvi's Dreadful Rot  Necr/Pois/Air  100%       N/A       1%          2
 Passwall                 Tmut/Erth      80%        N/A       1%          2
 Poisonous Vapours        Pois/Air       100%       N/A       1%          2
 Wereblood                Tmut           54%        N/A       1%          2
 Dazzling Flash           Conj/Hex       100%       N/A       1%          3
 Frozen Ramparts          Ice            94%        1d15      1%          3
 Hailstorm                Conj/Ice       100%       3d20      1%          3
 Ignite Poison            Fire/Tmut/Pois 88%        N/A       1%          3
 Inner Flame              Hex/Fire       100%       N/A       1%          3
 Kindle Blastsparks       Fire/Tloc/Air  100%       2d18      1%          3
 Mephitic Cloud           Conj/Pois/Air  100%       N/A       1%          3
 Swiftness                Air            100%       N/A       1%          3
 Vhi's Electric Charge    Tloc/Air       100%       N/A       1%          3
 Animate Armour           Summ/Erth      100%       N/A       1%          4
 Iskenderun's Mystic Bla  Conj/Tloc      100%       2d19      1%          4
 Leda's Liquefaction      Hex/Erth       58%        N/A       1%          4
 Petrify                  Tmut/Erth      96%        N/A       1%          4
 Borgnjor's Vile Clutch   Necr/Erth      47%        N/A       1%          5
 Freezing Cloud           Conj/Ice/Air   66%        6-21      1%          5
 Irradiate                Conj/Tmut      66%        3d33      1%          5
 Lee's Rapid Deconstruct  Erth           61%        3d28*     1%          5
 Conjure Ball Lightning   Conj/Air       75%        3x3d28    1%          6
 Starburst                Conj/Fire      80%        6d20      1%          6
 Orb of Destruction       Conj           82%        9d18      1%          7
 Lehudib's Crystal Spear  Conj/Erth      78%        10d18     1%          8
 Call Imp                 Summ           47%        N/A       2%          2
 Ensorcelled Hibernation  Hex/Ice        100%       N/A       2%          2
 Lesser Beckoning         Tloc           94%        N/A       2%          2
 Sublimation of Blood     Necr           47%        N/A       2%          2
 Spellforged Servitor     Conj/Summ      65%        N/A       2%          7
 Call Canine Familiar     Summ           47%        N/A       4%          3
 Confusing Touch          Hex            63%        N/A       4%          3
 Gell's Gravitas          Tloc           47%        N/A       4%          3
 Portal Projectile        Hex/Tloc       100%       N/A       4%          3
 Teleport Other           Tloc           47%        N/A       4%          3
 Vampiric Draining        Necr           47%        2d9       4%          3
 Olgreb's Toxic Radiance  Pois           47%        N/A       4%          4
 Statue Form              Tmut/Erth      64%        N/A       5%          6
 Anguish                  Hex/Necr       31%        N/A       14%         4
 Cause Fear               Hex            31%        N/A       14%         4
 Dispel Undead            Necr           47%        3d18      14%         4
 Manifold Assault         Tloc           47%        N/A       14%         4
 Blade Hands              Tmut           27%        N/A       28%         5
 Agony                    Necr           47%        N/A       38%         5
 Metabolic Englaciation   Hex/Ice        31%        N/A       38%         5
 Storm Form               Tmut/Air       43%        N/A       58%         7
 Death Channel            Necr           23%        N/A       92%         6
 Dispersal                Tloc           23%        N/A       92%         6
 Simulacrum               Ice/Necr       23%        N/A       92%         6
 Summon Cactus Giant      Summ           23%        N/A       92%         6
 Dragon Form              Tmut           27%        N/A       100%        7
 Enfeeble                 Hex            31%        N/A       100%        7
 Haunt                    Necr/Summ      23%        N/A       100%        7
 Monstrous Menagerie      Summ           23%        N/A       100%        7
 Summon Hydra             Summ           23%        N/A       100%        7
 Borgnjor's Revivificati  Necr           23%        N/A       100%        8
 Discord                  Hex            31%        N/A       100%        8
 Disjunction              Tloc           23%        N/A       100%        8
 Summon Horrible Things   Summ           23%        N/A       100%        8
 Death's Door             Necr           23%        N/A       100%        9
 Polar Vortex             Ice            23%        N/A       100%        9


Dungeon Overview and Level Annotations

Branches:
Dungeon (15/15)            Temple (1/1) D:5            Lair (5/5) D:10
 Shoals (4/4) Lair:3        Snake (4/4) Lair:3        Slime (5/5) Lair:4
    Orc (2/2) D:11            Elf (3/3) Orc:2        Vaults (5/5) D:14
  Crypt (3/3) Vaults:3       Tomb (0/3) Crypt:3      Depths (4/4) D:15
   Hell (visited)             Zot (5/5) Depths:4    Ossuary (visited)
  IceCv (visited)         Gauntlet (visited)
    Dis: Hell:1         Geh: Hell:1         Coc: Hell:1         Tar: Hell:1

Altars:
Ashenzari
Cheibriados
Dithmenos
Fedhas
Kikubaaqudgha
Makhleb
Nemelex Xobeh
Sif Muna
Trog
Uskayaw
Vehumet
Wu Jian
Xom
Yredelemnul
Jiyva

Shops:
D:3 *   D:10 *   D:13 :   D:14 *   Orc:2 ==(   Elf:1 (   Shoals:1 ?
Shoals:2 (   Vaults:2 *   Vaults:3 :   Vaults:5 !!*   Depths:2 *[=

Portals:
Hell: Depths:1 Depths:2 Depths:3 Depths:4
Abyss: Depths:1 Depths:2 Depths:4
Pandemonium: Depths:1 Depths:2
Ziggurat: Depths:3

Annotations:
Orc:1 2 transporters
Crypt:3 2 runed translucent doors, Uroast's ghost, veteran MiGl
Hell Geryon


Innate Abilities, Weirdness & Mutations

You have claws for hands.
You are completely covered in molten scales. (AC +4, rF+)
Your demonic aura causes all spilled blood to erupt in flames.
You regenerate a lot of health from kills.
Your melee attacks may debilitate your foes.
Your hexes are more powerful.
You are surrounded by an aura of silence.
You are dopey. (Int -2)
You are very frail. (-20% HP)
You do not regenerate when monsters are visible.
You are very weak. (Str -4)
You sometimes lose the ability to drink potions when taking damage.
You occasionally lose the ability to read scrolls when taking damage.
You expend magic power (3 MP) to strengthen your wands.


Message History

The power of Zot is invoked against you!
You are contaminated with residual magic.
An Orb Guardian comes into view.
The Orb Guardian hits you.
You cannot drink potions in your current state!
As you read the scroll of fog, it crumbles to dust.
The scroll dissolves into smoke.
The orb of fire glows bright magenta.
Strange energies course through your body.
You occasionally lose the ability to read scrolls when taking damage.
The orb of fire emits a lurid red light.
Strange energies course through your body.
You feel frail.
Your butterfly is engulfed in blazing flames.
You kill your butterfly!
Your butterfly disappears in a burst of colours!
The Killer Klown headlocks your butterfly with a +12 club!!!
Your butterfly dies!
Your butterfly disappears in a burst of colours!
The Orb Guardian hits you!!
You feel threatened and lose the ability to read scrolls!
* * * LOW HITPOINT WARNING * * *
You cannot read scrolls in your current state!
The death cob is engulfed in blazing flames.
The death cob hits you!!
* * * LOW HITPOINT WARNING * * *
The death cob drains your vigour!
You feel yourself slow down.
The death cob is engulfed in blazing flames.
The death cob hits you but does no damage.
The Orb Guardian is engulfed in blazing flames.
The Orb Guardian hits you.
* * * LOW HITPOINT WARNING * * *
The death cob is engulfed in blazing flames.
The death cob barely misses you.
An orb of fire comes into view.
The death cob is engulfed in blazing flames.
The death cob barely misses you.
The Killer Klown blinks!
The Orb Guardian is engulfed in blazing flames.
The Orb Guardian hits you!
You die...

#.............# **,^,,,,,,,,,,,,
##....[......## *,,,,,,,,,,,,,,,
#........b..# *,,,,,,,^,,,,,,,
##...........## *,,,,,,,.,^,,,,,
#........p.bb.# *,^,,,,..,,,,,,,
#........*b)b*## *,,,,,*..,,,,,,,
./.....^...§bbb##*,,,,....,,,,,,,
..###########..z###,,.v.v.,,,,,,,
.## ##bX@*##......,,,,,,, ##
###***y§.XX.v,,,,,,,
#▓▓▓▓▓▓▓▓▓▓***,,,,
****,,,,,,,,,,,,, *
***,,,,,,,,,,,,,,,, **
**,,,,,,,,,,,,,,,,,, ,* *********
*,,,,,,,,,,,,,,,,,,,
,***^,^,,,,***,,,,,,,,,,,,,,^,,,,
,**,,,,,,,,^**,,,,,,,,,,,^,,,,,,,


You could see 6 orbs of fire, a Killer Klown, a death cob (ally target) and an
Orb Guardian.

Vanquished Creatures
  the Royal Jelly (Slime:5)
  5 orbs of fire (Zot:5)
  3 ancient liches
  Tiamat (Zot:3)
  Mennas (Crypt:3)
  A juggernaut (Depths:1)
  Sojobo (Depths:3)
  Boris (thrice) (Vaults:3 Vaults:5 Depths:3)
  Frederick (Crypt:3)
  A Killer Klown (Zot:3)
  2 curse toes
  13 golden dragons
  A bone dragon (Abyss:5)
  3 electric golems
  16 tentacled monstrosities
  2 Tzitzimimeh (Depths:3)
  Jorgrun (D:13)
  4 deep elf blademasters
  Asterion (Snake:4)
  9 liches
  10 Orb Guardians (Zot:5)
  3 titans
  3 quicksilver dragons
  13 acid blobs
  An Executioner (Abyss:4)
  8 sphinxes
  Frances (Snake:1)
  3 ancient champions
  17 tentacled starspawn
  2 deep elf master archers (Elf:3)
  6 tengu reavers
  9 death cobs
  A thorn hunter (Abyss:5)
  15 storm dragons
  11 shadow dragons
  4 nagarajas
  3 draconian monks
  2 draconian knights (Zot:5)
  7 fire giants
  2 revenants (Crypt:3)
  12 azure jellies
  9 rockslimes
  3 frost giants
  13 vault wardens
  A balrug (Gauntlet)
  4 ghost moths
  Louise (Depths:1)
  3 draconian scorchers
  3 iron dragons
  4 ghouls
  4 deep elf elementalists (Elf:3)
  A spectral caustic shrike (Crypt:3)
  7 draconian shifters
  A spectral juggernaut (Crypt:3)
  An angel (Abyss:5)
  3 curse skulls
  A spriggan defender (Depths:1)
  A war gargoyle (Vaults:4)
  6 deep elf sorcerers
  10 quicksilver oozes
  29 ironbound preservers
  27 very ugly things
  6 draconian annihilators
  A cacodemon (Abyss:5)
  5 draconian stormcallers
  9 stone giants
  An ophan (Abyss:5)
  5 reapers
  6 ironbound thunderhulks
  A caustic shrike skeleton (Crypt:2)
  9 vampire knights
  12 green draconians
  9 deep elf demonologists
  6 deep elf annihilators
  8 red draconians
  15 dire elephants
  8 purple draconians
  6 spark wasps (Depths:2)
  A bunyip (Abyss:2)
  16 black draconians
  4 minotaurs
  6 yellow draconians
  A blizzard demon (Depths:1)
  7 white draconians
  2 crystal guardians (Vaults:4)
  10 deep elf death magi
  2 green deaths
  9 ettins
  2 merfolk javelineers
  7 eidola
  17 yaktaur captains
  An entropy weaver (Vaults:1)
  3 fire dragons
  A spectral spriggan (Crypt:3)
  5 deep elf high priests
  5 jiangshi
  A spriggan zombie (Crypt:2)
  A shambling mangrove (Abyss:5)
  11 great orbs of eyes
  2 hydras
  4 rakshasas
  A fenstrider witch zombie (Crypt:2)
  6 salamander tyrants
  Erolcha (Orc:2)
  42 vault guards
  2 alligator snapping turtles
  9 ice dragons
  3 catoblepae (Lair:5)
  A spectral stone giant (Crypt:3)
  A caustic shrike simulacrum (IceCv)
  6 ogre magi
  4 spriggan air magi
  7 ironbound frosthearts
  8 anacondas
  28 dancing weapons
  2 peacekeepers
  8 two-headed ogres
  6 boulder beetles
  A merfolk aquamancer (Shoals:3)
  10 naga warriors
  9 centaur warriors
  10 deep troll shamans
  6 hell hogs
  A satyr (shapeshifter) (Vaults:5)
  A death knight (D:15)
  4 deep troll earth magi
  8 death yaks (Lair:5)
  A spectral naga (Crypt:3)
  4 tengu warriors
  Urug (Lair:5)
  15 satyrs
  4 vampire magi
  13 thrashing horrors
  An orc high priest (Orc:1)
  15 wretched stars
  6 skysharks
  A spectral storm dragon (Crypt:3)
  3 spriggan berserkers
  3 hell knights
  24 deep elf knights
  15 naga sharpshooters
  8 shock serpents
  A fire crab (Abyss:5)
  Amaemon (Lair:1)
  A sun demon (Abyss:5)
  7 iron trolls
  6 salamander mystics
  19 shadow wraiths
  An anaconda zombie (Abyss:2)
  4 sixfirhies
  2 spatial maelstroms (Abyss:5)
  10 sea snakes
  31 skeletal warriors
  An orb spider (Abyss:5)
  5 flayed ghosts
  2 obsidian statues (IceCv)
  Lodul (D:13)
  A death drake (shapeshifter) (Depths:3)
  A shadow demon (Abyss:5)
  84 deep trolls
  Pikel (D:9)
  4 glowing orange brains
  10 wizards
  7 naga ritualists
  23 phantasmal warriors
  20 deep elf pyromancers
  7 mana vipers
  11 lindwurms
  19 deep elf archers
  9 ironbound convokers
  4 bog bodies
  6 orc knights
  31 deep elf zephyrmancers
  11 harpies
  7 necromancers
  7 shining eyes
  A fenstrider witch simulacrum (Crypt:1)
  17 salamanders
  10 cyclopes
  A spectral ettin (Crypt:3)
  53 ugly things
  7 orc sorcerers
  2 wolf spiders (Lair:5)
  A wolf spider (shapeshifter) (Vaults:5)
  5 worldbinders (Abyss:5)
  16 manticores
  9 fauns
  3 merfolk sirens
  Joseph (D:7)
  29 black mambas
  A faun (shapeshifter) (D:15)
  2 centaur zombies (Crypt:3)
  An ice statue (D:15)
  29 moths of wrath
  2 naga zombies
  10 smoke demons
  9 vault sentinels
  An eye of devastation (shapeshifter) (Vaults:4)
  4 apocalypse crabs
  A rust devil (Depths:2)
  5 water nymphs
  A demonic crawler (Abyss:5)
  4 guardian serpents
  2 human skeletons (Vaults:2)
  5 orange demons
  A gargoyle (D:11)
  5 cane toads
  14 naga magi
  An eye of devastation (Slime:5)
  2 unseen horrors (D:11)
  31 large abominations
  Maggie (D:7)
  5 centaur skeletons
  4 elf zombies
  7 freezing wraiths
  5 efreet
  4 kobold demonologists (D:13)
  11 ancient zymes
  10 komodo dragons
  26 yaktaurs
  A yellow draconian zombie (Crypt:1)
  2 rime drakes
  A tormentor (Abyss:5)
  A swamp worm zombie (Crypt:1)
  A spectral harpy (Crypt:3)
  2 tengu conjurers
  A red devil (Depths:2)
  A red draconian skeleton (Crypt:2)
  A silent spectre (Abyss:5)
  2 catoblepas skeletons
  An ice devil (Abyss:4)
  An anaconda simulacrum (IceCv)
  2 wind drakes
  8 trolls
  A merfolk (shapeshifter) (Depths:3)
  A queen bee (shapeshifter) (D:14)
  4 golden dragon simulacra (IceCv)
  12 merfolk
  A harpy skeleton (Crypt:1)
  4 hornets
  A moth of wrath zombie (Crypt:2)
  3 hellwings
  4 polar bears
  19 blink frogs
  A death drake skeleton (Crypt:3)
  13 raiju
  6 snapping turtles
  9 dream sheep
  21 flying skulls
  140 slime creatures
  7 shadows
  5 air elementals
  An ettin skeleton (Vaults:2)
  5 ynoxinuls
  2 centaur simulacra (Gauntlet)
  A dire elephant simulacrum (IceCv)
  5 wyverns
  17 water elementals
  13 wraiths
  58 yaks
  5 spriggans
  A wyvern (shapeshifter) (Abyss:5)
  4 fire bats
  6 golden eyes (Slime:5)
  6 neqoxecs
  5 fire elementals
  6 vampire mosquitoes
  5 chaos spawn
  31 starcursed masses
  4 redbacks
  Menkaure (D:7)
  2 redbacks (shapeshifter) (Vaults:5)
  3 basilisks
  2 steam dragons (D:9)
  3 minotaur simulacra (IceCv)
  43 nagas
  4 spatial vortices
  4 wargs
  An acid dragon (D:12)
  4 hell hounds
  3 hydra simulacra (IceCv)
  An entropy weaver zombie (Crypt:3)
  17 water moccasins
  A floating eye (Depths:1)
  A demonspawn skeleton (Crypt:1)
  A meliai simulacrum (Gauntlet)
  A merfolk skeleton (Crypt:1)
  A naga skeleton (Crypt:3)
  A deep troll skeleton (Crypt:3)
  A swamp drake (D:10)
  5 ice beasts
  3 ettin simulacra
  3 sky beasts
  A two-headed ogre skeleton (Crypt:1)
  27 orc warriors
  6 black bears (Lair:3)
  An elephant zombie (Crypt:2)
  11 boggarts
  An alligator simulacrum (IceCv)
  15 centaurs
  25 wolves
  18 ogres
  2 lemures (D:9)
  2 phantoms (D:5)
  A torpor snail zombie (Crypt:3)
  A komodo dragon zombie (Crypt:1)
  A vine stalker zombie (Crypt:2)
  13 kobold brigands
  A gnoll sergeant (D:7)
  9 necrophages
  14 bullfrogs
  A wyvern zombie (Crypt:3)
  A deep troll simulacrum (IceCv)
  A scorpion (D:5)
  5 earth elementals
  A warg zombie (Crypt:3)
  A salamander skeleton (Crypt:1)
  16 small abominations
  A hornet simulacrum (Gauntlet)
  6 killer bees (D:10)
  4 electric eels
  A crimson imp (D:10)
  A wolf skeleton (Crypt:1)
  A bullfrog zombie (Crypt:3)
  5 jellies
  3 quasits
  14 orc priests
  2 iron imps
  3 hounds (D:5)
  A bullfrog skeleton (Crypt:2)
  3 gnoll boudas
  3 iguanas
  41 orc wizards
  7 hell rats
  An ice beast zombie (Crypt:2)
  A deep dwarf skeleton (Crypt:3)
  4 mummies (Ossuary)
  18 gnolls
  10 adders
  3 shadow imps
  9 white imps
  2 ufetubi
  An iguana skeleton (Crypt:2)
  3 worms
  3 dart slugs
  85 orcs
  4 ball pythons
  7 bats
  4 endoplasms
  3 giant cockroaches
  2 gnoll skeletons (Ossuary)
  6 hobgoblins
  7 quokkas
  6 frilled lizards
  2 gnoll zombies (Ossuary)
  8 goblins
  8 goblin skeletons
  4 goblin zombies (Ossuary)
  5 hobgoblin skeletons (Ossuary)
  5 hobgoblin zombies (Ossuary)
  45 kobolds
  3 kobold skeletons (Ossuary)
  4 kobold zombies (Ossuary)
  5 orc skeletons (Ossuary)
  4 orc zombies (Ossuary)
  A quokka zombie (Crypt:3)
  6 rats
  3 rat skeletons (Ossuary)
  8 rat zombies
  A bush (Abyss:5)
  2 lurking horrors (Abyss:5)
  12 starspawn tentacles
2707 creatures vanquished.

Vanquished Creatures (collateral kills)
  A golden dragon (Zot:2)
  2 Orb Guardians (Zot:5)
  2 quicksilver dragons
  4 acid blobs
  A frost giant (Vaults:5)
  An azure jelly (Slime:5)
  A fire giant (Vaults:5)
  A vault warden (Vaults:5)
  2 deep elf elementalists (Elf:3)
  A draconian scorcher (Zot:3)
  A deep elf sorcerer (Abyss:5)
  A draconian shifter (Zot:3)
  2 ghouls
  A draconian annihilator (Zot:3)
  A white draconian (Zot:2)
  A yellow draconian (Zot:2)
  A fire dragon (Depths:3)
  A yaktaur captain (Vaults:5)
  A death knight (Crypt:2)
  A spriggan berserker (Depths:4)
  A skeletal warrior (Crypt:1)
  A shadow wraith (Crypt:3)
  A deep troll (Vaults:5)
  A deep elf archer (Elf:3)
  A slime creature (Slime:4)
  A freezing wraith (Crypt:3)
  3 water elementals
  A wraith (Crypt:3)
  A shadow (Crypt:3)
  A swamp drake skeleton (Crypt:3)
  A quokka zombie (Crypt:1)
40 creatures vanquished.

Vanquished Creatures (others)
  2 fire bats (Abyss:4)
  A neqoxec (Abyss:5)
  A chaos spawn (Abyss:4)
  A wolf (Lair:1)
  2 orcs
  A demonic plant (Abyss:4)
  539 fire vortices
  25 fungi
  182 plants
  29 starspawn tentacles
783 creatures vanquished.

Grand Total: 3530 creatures vanquished

Notes
Turn   | Place    | Note
-------+----------+-------------------------------------------
     0 | D:1      | groundbeetle the Demonspawn Earth Elementalist began the
                  | quest for the Orb.
     0 | D:1      | Reached XP level 1. HP: 13/13 MP: 3/3
   419 | D:1      | Gained mutation: You have sharp fingernails. [demonic
                  | ancestry]
   419 | D:1      | Reached XP level 2. HP: 10/19 MP: 0/5
  1166 | D:2      | Noticed an ogre
  1258 | D:2      | Reached XP level 3. HP: 24/24 MP: 3/6
  1262 | D:2      | Learned a level 3 spell: Stone Arrow
  1419 | D:2      | You fall into a shaft and drop 2 floors!
  1702 | D:4      | Reached skill level 1 in Conjurations
  1702 | D:4      | Gained mutation: Your demonic aura sometimes causes spilled
                  | blood to erupt in flames. [demonic ancestry]
  1702 | D:4      | Reached XP level 4. HP: 11/30 MP: 5/7
  2008 | D:4      | Reached skill level 2 in Conjurations
  2428 | D:4      | Noticed a kobold brigand
  2672 | D:3      | Found a snail-covered altar of Cheibriados.
  2672 | D:3      | Found a sparkling altar of Nemelex Xobeh.
  3110 | D:3      | Gained mutation: You regenerate a little health from kills.
                  | [demonic ancestry]
  3110 | D:3      | Reached XP level 5. HP: 35/35 MP: 5/8
  3147 | D:3      | Reached skill level 3 in Conjurations
  3243 | D:3      | Found a glowing drain.
  3469 | D:3      | Found Tinamihuso's Assorted Antiques.
  4151 | D:2      | Killed an ogre
  4152 | D:2      | Reached skill level 4 in Conjurations
  4152 | D:2      | Gained mutation: Your demonic aura often causes spilled
                  | blood to erupt in flames. [demonic ancestry]
  4152 | D:2      | Reached XP level 6. HP: 41/41 MP: 1/9
  4777 | D:4      | Reached skill level 5 in Earth Magic
  5328 | D:5      | Entered Level 5 of the Dungeon
  5378 | D:5      | Reached XP level 7. HP: 42/46 MP: 5/11
  5518 | D:5      | Reached skill level 5 in Conjurations
  5724 | D:5      | Identified the +1 leather armour of Abstinence {rC+ Int+2}
  5895 | D:5      | Found a staircase to the Ecumenical Temple.
  5976 | Temple   | Entered the Ecumenical Temple
  6017 | Temple   | Became a worshipper of Vehumet
  6201 | D:5      | Noticed a yak
  6220 | D:5      | Killed a yak
  6221 | D:5      | Reached XP level 8. HP: 33/52 MP: 0/14
  6229 | D:5      | Reached skill level 6 in Conjurations
  6778 | D:6      | Reached skill level 5 in Spellcasting
  7201 | D:6      | Identified the +4 quarterstaff "Fybicah" {heavy, rPois
                  | Will- rCorr Dex+5}
  7205 | D:6      | Reached skill level 7 in Conjurations
  7294 | D:6      | Reached XP level 9. HP: 57/57 MP: 10/17
  7490 | D:7      | Identified the +0 robe of the Evening {Str+3}
  7500 | D:7      | Found a sand-covered staircase.
  7507 | Ossuary  | Entered an ossuary
  7539 | Ossuary  | Reached * piety under Vehumet
  7539 | Ossuary  | Offered knowledge of Freeze by Vehumet.
  7763 | Ossuary  | Offered knowledge of Momentum Strike by Vehumet.
  7764 | Ossuary  | Reached ** piety under Vehumet
  7985 | Ossuary  | Offered knowledge of Searing Ray by Vehumet.
  8088 | D:7      | Reached *** piety under Vehumet
  8169 | D:7      | Noticed Menkaure
  8175 | D:7      | Killed Menkaure
  8276 | D:7      | Noticed Joseph
  8279 | D:7      | Killed Joseph
  8280 | D:7      | Reached skill level 8 in Conjurations
  8463 | D:7      | Offered knowledge of Sticky Flame by Vehumet.
  8464 | D:7      | Noticed Maggie
  8468 | D:7      | Killed Maggie
  9094 | D:8      | Gained mutation: You have very sharp fingernails. [demonic
                  | ancestry]
  9094 | D:8      | Reached XP level 10. HP: 63/63 MP: 18/20
  9097 | D:8      | Reached **** piety under Vehumet
  9107 | D:8      | Learned a level 6 spell: Iron Shot
  9350 | D:8      | Offered knowledge of Yara's Violent Unravelling by Vehumet.
  9527 | D:8      | Reached skill level 9 in Conjurations
 10390 | D:9      | Noticed Pikel
 10392 | D:9      | Killed Pikel
 10761 | D:9      | Reached skill level 10 in Conjurations
 11261 | D:10     | Entered Level 10 of the Dungeon
 11317 | D:10     | Gained mutation: You regenerate health from kills. [demonic
                  | ancestry]
 11317 | D:10     | Reached XP level 11. HP: 68/68 MP: 12/23
 11624 | D:10     | Noticed a two-headed ogre
 11629 | D:10     | Killed a two-headed ogre
 11910 | D:10     | Noticed a deep elf zephyrmancer
 11911 | D:10     | Killed a deep elf zephyrmancer
 11912 | D:10     | Reached skill level 10 in Earth Magic
 11945 | D:10     | Noticed a deep elf zephyrmancer
 11947 | D:10     | Killed a deep elf zephyrmancer
 12011 | D:10     | Identified the +1 hat "Kiupt" {rElec rC++ Regen+ Int-4}
 12313 | D:10     | Found Cituh's Assorted Antiques.
 12320 | D:10     | Bought a bloodstained cloak for 266 gold pieces
 12320 | D:10     | Identified the +1 cloak of the Tanner {rC++} (You bought it
                  | in a shop on level 10 of the Dungeon)
 12332 | D:10     | Identified a scroll of acquirement
 12332 | D:10     | Acquired 1007 gold pieces
 12442 | D:10     | Found a staircase to the Lair.
 12445 | D:10     | Reached ***** piety under Vehumet
 12732 | D:11     | Offered knowledge of Flame Wave by Vehumet.
 13165 | D:11     | Reached skill level 11 in Conjurations
 13356 | D:11     | Found a staircase to the Orcish Mines.
 13587 | D:11     | Noticed a boulder beetle
 13590 | D:11     | Noticed a two-headed ogre
 13591 | D:11     | Killed a boulder beetle
 13595 | D:11     | Killed a two-headed ogre
 13596 | D:11     | Reached skill level 10 in Spellcasting
 13757 | D:11     | Noticed a two-headed ogre
 13760 | D:11     | Killed a two-headed ogre
 13991 | Lair:1   | Entered Level 1 of the Lair of Beasts
 14102 | D:10     | Reached XP level 12. HP: 58/74 MP: 18/26
 14254 | Lair:1   | Found a burning altar of Makhleb.
 14319 | Lair:1   | Identified the +7 scimitar "Hiykif Kidde" {vamp, Fragile
                  | rC+++ MP+9}
 14319 | Lair:1   | Noticed Amaemon
 14426 | Lair:1   | Killed Amaemon
 14616 | Lair:1   | Reached skill level 12 in Conjurations
 16656 | Lair:3   | Found a staircase to the Snake Pit.
 16746 | Lair:3   | Found a staircase to the Shoals.
 16937 | Lair:3   | Reached skill level 1 in Fighting
 18162 | Lair:4   | Gained mutation: You are partially covered in molten
                  | scales. (AC +2) [demonic ancestry]
 18162 | Lair:4   | Reached XP level 13. HP: 88/88 MP: 23/29
 18588 | Lair:4   | Offered knowledge of Conjure Ball Lightning by Vehumet.
 18589 | Lair:4   | Reached skill level 5 in Dodging
 18766 | Lair:4   | Learned a level 6 spell: Conjure Ball Lightning
 19068 | Lair:4   | Found a staircase to the Slime Pits.
 19077 | Lair:4   | Reached skill level 1 in Air Magic
 19494 | Lair:4   | Learned a level 5 spell: Arcjolt
 19500 | Lair:4   | Learned a level 5 spell: Freezing Cloud
 19501 | Lair:5   | Entered Level 5 of the Lair of Beasts
 19506 | Lair:5   | Noticed Urug
 19750 | Lair:5   | Reached skill level 5 in Air Magic
 20121 | Lair:5   | Killed Urug
 20550 | Slime:1  | Entered Level 1 of the Pits of Slime
 20554 | Slime:1  | Noticed an acid blob
 21276 | Lair:5   | Offered knowledge of Lee's Rapid Deconstruction by Vehumet.
 21280 | Lair:5   | Gained mutation: Your hexes are more powerful. [demonic
                  | ancestry]
 21280 | Lair:5   | Reached XP level 14. HP: 96/96 MP: 19/30
 21342 | Lair:5   | Reached skill level 10 in Air Magic
 22125 | Orc:1    | Entered Level 1 of the Orcish Mines
 22300 | Orc:1    | Found a bloodstained altar of Trog.
 22300 | Orc:1    | Found the +8 Wrath of Trog {antimagic, *Rage Rampage}
 22311 | Orc:2    | Entered Level 2 of the Orcish Mines
 22461 | Orc:2    | Found a staircase to the Elven Halls.
 22696 | Orc:2    | Found a gate leading to a gauntlet.
 22809 | Gauntlet | Entered a Gauntlet
 22809 | Gauntlet | Found a transporter.
 22809 | Gauntlet | Found a transporter.
 22822 | Gauntlet | Found a transporter.
 22827 | Gauntlet | Found a transporter.
 22830 | Gauntlet | Found a transporter.
 22833 | Gauntlet | Found a transporter.
 22838 | Gauntlet | Noticed a balrug
 22841 | Gauntlet | Found a transporter.
 22856 | Gauntlet | Noticed a cacodemon
 22859 | Gauntlet | Found a transporter.
 22877 | Gauntlet | Found a transporter.
 22880 | Gauntlet | Found a transporter.
 22890 | Gauntlet | Found a transporter.
 22893 | Gauntlet | Found a transporter.
 23190 | Gauntlet | Killed a balrug
 23325 | Gauntlet | Identified the ring "Zykkor" {rPois rCorr Slay+6}
 23783 | Orc:2    | Found Lisilid's Distillery.
 23803 | Orc:2    | Found a radiant altar of Vehumet.
 23804 | Orc:2    | Noticed Erolcha
 23825 | Orc:2    | Killed Erolcha
 23826 | Orc:2    | Reached skill level 5 in Fighting
 23947 | Orc:2    | Found Juxtism's Jewellery Shop.
 24085 | Orc:2    | Found an ancient bone altar of Kikubaaqudgha.
 24181 | Orc:2    | Found Bipak's Antique Weapon Boutique.
 24283 | Orc:2    | Found Mupreo's Jewellery Boutique.
 24429 | Orc:2    | Bought a +6 ring of intelligence for 504 gold pieces
 24429 | Orc:2    | Bought an amulet of magic regeneration for 420 gold pieces
 24770 | Orc:1    | Offered knowledge of Lightning Bolt by Vehumet.
 25010 | Orc:1    | Found a transporter.
 25143 | Orc:1    | Found a transporter.
 25326 | Snake:1  | Entered Level 1 of the Snake Pit
 25356 | Snake:1  | Noticed Frances
 25359 | Snake:1  | Killed Frances
 26007 | Snake:1  | Gained mutation: You regenerate a lot of health from kills.
                  | [demonic ancestry]
 26007 | Snake:1  | Reached XP level 15. HP: 21/108 MP: 23/31
 26026 | Lair:3   | Learned a level 5 spell: Fireball
 26612 | Snake:1  | Reached skill level 1 in Fire Magic
 27496 | Snake:2  | Reached ****** piety under Vehumet
 27609 | Snake:2  | Identified the ring "Dyocadit" {rN+ Str+6 Dex+3}
 27830 | Snake:2  | Offered knowledge of Eringya's Noxious Bog by Vehumet.
 27942 | Snake:2  | You fall into a shaft and drop 1 floor!
 28027 | Snake:3  | Noticed a nagaraja
 28031 | Snake:3  | Killed a nagaraja
 28279 | Snake:3  | Reached skill level 10 in Fighting
 28486 | Snake:3  | Found a bloodstained altar of Trog.
 29329 | Snake:3  | Reached skill level 10 in Dodging
 29344 | Snake:3  | Reached skill level 5 in Fire Magic
 29516 | Snake:4  | Entered Level 4 of the Snake Pit
 29685 | Snake:4  | Gained mutation: You are mostly covered in molten scales.
                  | (AC +3) [demonic ancestry]
 29685 | Snake:4  | Reached XP level 16. HP: 122/122 MP: 17/32
 29964 | Snake:4  | Offered knowledge of Ozocubu's Refrigeration by Vehumet.
 30856 | Snake:4  | Noticed Asterion
 30862 | Snake:4  | Noticed an Executioner
 30862 | Snake:4  | Killed Asterion
 30978 | Snake:4  | Reached skill level 10 in Fire Magic
 31774 | Snake:4  | Got a serpentine rune of Zot
 31991 | Shoals:1 | Entered Level 1 of the Shoals
 32353 | Shoals:1 | Found Jatevec's Magic Scroll Emporium.
 32913 | Shoals:2 | Identified the +6 scale mail of Eternity {rElec SInv}
 33119 | Shoals:2 | Found Dohapp's Antique Weapon Boutique.
 33403 | Shoals:3 | Offered knowledge of Spellforged Servitor by Vehumet.
 34172 | Shoals:4 | Entered Level 4 of the Shoals
 34277 | Shoals:4 | Reached XP level 17. HP: 128/128 MP: 6/33
 35094 | Shoals:4 | Identified the +0 ring mail of Fortification {+Inv rC+}
 35136 | Shoals:4 | Learned a level 8 spell: Maxwell's Capacitive Coupling
 35145 | Shoals:4 | Reached skill level 13 in Conjurations
 35206 | Shoals:4 | Got a barnacled rune of Zot
 35242 | Shoals:4 | Identified the +6 war axe "Picw" {elec, rN+ Int-5 SInv}
 37030 | D:12     | Found the +7 great mace "Firestarter" {flame, inner flame,
                  | rFlCloud rF++}
 37992 | D:13     | Noticed Lodul
 38044 | D:13     | Killed Lodul
 38419 | D:13     | Noticed Jorgrun
 38429 | D:13     | Killed Jorgrun
 38600 | D:13     | Found Danlig's Book Shop.
 39439 | D:14     | Found Ohejon's Assorted Antiques.
 39443 | D:14     | Bought a scroll labelled ZEAGROABBI for 27 gold pieces
 39443 | D:14     | Bought a glowing robe for 99 gold pieces
 39466 | D:14     | Learned a level 8 spell: Ignition
 39873 | D:14     | Offered knowledge of Lehudib's Crystal Spear by Vehumet.
 39873 | D:14     | Offered knowledge of Fire Storm by Vehumet.
 39873 | D:14     | Offered knowledge of Shatter by Vehumet.
 40048 | D:14     | Learned a level 9 spell: Fire Storm
 40187 | D:14     | Found a shimmering blue altar of Sif Muna.
 40333 | D:14     | Found a gate to the Vaults.
 40448 | D:15     | Entered Level 15 of the Dungeon
 40480 | D:15     | Reached skill level 14 in Conjurations
 40561 | D:15     | Acquired 1042 gold pieces
 40837 | D:15     | Gained mutation: You are completely covered in molten
                  | scales. (AC +4, rF+) [demonic ancestry]
 40837 | D:15     | Reached XP level 18. HP: 122/134 MP: 20/34
 41364 | D:15     | Found a staircase to the Depths.
 41667 | Vaults:1 | Entered Level 1 of the Vaults
 42014 | Vaults:1 | Reached skill level 15 in Conjurations
 42754 | Vaults:1 | Found the +6 lightning scales {swift, rElec}
 43285 | Vaults:2 | Reached skill level 16 in Conjurations
 43993 | Vaults:2 | Found Pashegeo's General Store.
 44002 | Vaults:2 | Bought a potion of curing for 45 gold pieces
 44002 | Vaults:2 | Bought a potion of haste for 150 gold pieces
 44156 | Vaults:2 | Reached skill level 17 in Conjurations
 44156 | Vaults:2 | Reached skill level 15 in Fire Magic
 44343 | Vaults:2 | Gained mutation: You have claws for hands. [demonic
                  | ancestry]
 44343 | Vaults:2 | Reached XP level 19. HP: 98/140 MP: 7/35
 45215 | Orc:2    | Bought a potion of mutation for 120 gold pieces
 45215 | Orc:2    | Bought a potion of ambrosia for 120 gold pieces
 45215 | Orc:2    | Bought a potion of curing for 45 gold pieces
 45215 | Orc:2    | Bought a potion of resistance for 150 gold pieces
 45215 | Orc:2    | Bought a potion of heal wounds for 75 gold pieces
 45215 | Orc:2    | Bought a potion of brilliance for 60 gold pieces
 45215 | Orc:2    | Bought a potion of magic for 120 gold pieces
 45215 | Orc:2    | Bought a potion of invisibility for 120 gold pieces
 45215 | Orc:2    | Bought a potion of might for 60 gold pieces
 45215 | Orc:2    | Bought a potion of magic for 120 gold pieces
 45215 | Orc:2    | Bought a potion of curing for 45 gold pieces
 45428 | Shoals:1 | Bought a scroll of amnesia for 72 gold pieces
 46339 | Vaults:3 | Reached skill level 18 in Conjurations
 47007 | Vaults:3 | Noticed Boris
 47016 | Vaults:3 | Killed Boris
 47232 | Vaults:3 | Found Nasoff's Book Shoppe.
 47552 | Vaults:3 | Paralysed by a sphinx for 2 turns
 47746 | Vaults:3 | Found a staircase to the Crypt.
 47746 | Vaults:3 | Found a basalt altar of Yredelemnul.
 47787 | Vaults:3 | Found an ancient bone altar of Kikubaaqudgha.
 47913 | Vaults:3 | Reached skill level 19 in Conjurations
 48118 | Vaults:3 | Got the Catalogue of Polar Hyperthermia
 48200 | Vaults:3 | Bought an Inescapable Atlas for 512 gold pieces
 48203 | Vaults:3 | Learned a level 2 spell: Blink
 48379 | Vaults:4 | Noticed Boris
 48667 | Vaults:4 | Reached XP level 20. HP: 147/147 MP: 15/36
 49339 | Vaults:4 | Reached skill level 20 in Conjurations
 50052 | Elf:1    | Entered Level 1 of the Elven Halls
 50067 | Elf:1    | Found a frozen archway.
 50078 | Elf:1    | Paralysed by an air elemental for 1 turns
 50405 | Elf:1    | Found Ejomusm's Antique Weapon Emporium.
 50416 | IceCv    | Entered an ice cave
 51437 | Elf:1    | Reached skill level 21 in Conjurations
 51478 | Elf:1    | Got the Incunabulum of Exhumation
 52147 | Elf:2    | Found the +2 shield of Resistance {rF++ rC++ Will++}
 52246 | Elf:2    | Found a radiant altar of Vehumet.
 52419 | Elf:2    | Paralysed by an air elemental for 1 turns
 52658 | Elf:2    | Found a runed translucent gate.
 52659 | Elf:2    | Found a runed translucent gate.
 52659 | Elf:2    | Found a runed translucent gate.
 52980 | Elf:2    | Reached XP level 21. HP: 153/153 MP: 21/37
 53436 | Elf:3    | Entered Level 3 of the Elven Halls
 53495 | Elf:3    | Reached skill level 22 in Conjurations
 53723 | Elf:3    | Reached skill level 1 in Shields
 54282 | Elf:3    | Reached skill level 5 in Shields
 54548 | Elf:3    | Identified the +7 long sword of Uncertain Death {flame,
                  | rPois Str+4}
 54661 | Elf:3    | Identified the +0 robe of the Echidna {rPois rN+++ Str+2
                  | Dex-4}
 54791 | Elf:3    | Identified the +0 scale mail of the Imp {rElec Will+ Str+5
                  | Dex-2}
 54797 | Elf:3    | Identified the +1 robe "Xephuuka" {+Blink rPois rC-
                  | Archmagi}
 54813 | Elf:3    | Got Niphadd's Cyclopedia of Destruction
 54833 | Elf:3    | Identified the +1 ring mail of Bad Feelings {Str+3}
 55256 | Vaults:5 | Entered Level 5 of the Vaults
 55284 | Vaults:5 | Reached skill level 5 in Evocations
 55527 | Vaults:5 | Reached XP level 22. HP: 109/159 MP: 32/38
 55646 | Vaults:5 | Noticed an ancient lich
 56109 | Slime:1  | Reached skill level 10 in Shields
 57654 | Slime:4  | Found a viscous altar of Jiyva.
 57924 | Slime:5  | Entered Level 5 of the Pits of Slime
 57967 | Slime:5  | Noticed the Royal Jelly
 57973 | Slime:5  | Killed the Royal Jelly
 58027 | Slime:5  | Gained mutation: You occasionally lose the ability to read
                  | scrolls when taking damage. [a shining eye]
 58188 | Slime:5  | Identified the amulet of Hoclucs {Reflect Fly rElec Regen+
                  | Dex-4 SH+5}
 58250 | Slime:5  | Got a slimy rune of Zot
 58254 | Slime:5  | Identified the +1 longbow of Moabun {drain, rF+++}
 58556 | Slime:5  | Lost mutation: You occasionally lose the ability to read
                  | scrolls when taking damage. [potion of mutation]
 58556 | Slime:5  | Gained mutation: You are frail. (-10% HP) [potion of
                  | mutation]
 58556 | Slime:5  | Gained mutation: Armour fits poorly on your strangely
                  | shaped body. [potion of mutation]
 58557 | Slime:5  | Lost mutation: You are frail. (-10% HP) [potion of
                  | mutation]
 58557 | Slime:5  | Lost mutation: Armour fits poorly on your strangely shaped
                  | body. [potion of mutation]
 58557 | Slime:5  | Gained mutation: You have a pair of small horns on your
                  | head. [potion of mutation]
 58557 | Slime:5  | Gained mutation: You have hidden genetic defects. [potion
                  | of mutation]
 58557 | Slime:5  | Gained mutation: You expend magic power (3 MP) to
                  | strengthen your wands. [potion of mutation]
 58558 | Slime:5  | Lost mutation: You expend magic power (3 MP) to strengthen
                  | your wands. [potion of mutation]
 58558 | Slime:5  | Lost mutation: You have a pair of small horns on your head.
                  | [potion of mutation]
 58558 | Slime:5  | Lost mutation: You have hidden genetic defects. [potion of
                  | mutation]
 58558 | Slime:5  | Gained mutation: You expend magic power (3 MP) to
                  | strengthen your wands. [potion of mutation]
 59062 | Vaults:5 | Killed an ancient lich
 59459 | Vaults:5 | Noticed a golden dragon
 59696 | Vaults:5 | Killed a golden dragon
 59701 | Vaults:5 | Killed Boris
 59710 | Vaults:5 | Noticed an ancient lich
 59712 | Vaults:5 | Killed an ancient lich
 59713 | Vaults:5 | Reached skill level 10 in Evocations
 59743 | Vaults:5 | Noticed a golden dragon
 59745 | Vaults:5 | Killed a golden dragon
 59897 | Vaults:5 | Got the Papyrus of Beckoning
 60050 | Vaults:5 | Gained mutation: Your melee attacks may debilitate your
                  | foes. [demonic ancestry]
 60050 | Vaults:5 | Reached XP level 23. HP: 165/165 MP: 28/39
 60139 | Vaults:5 | Identified the +0 plate armour of Disappointment {+Blink
                  | rC+ Str-2}
 60176 | Vaults:5 | Identified the +0 scale mail "Gicseuk" {rC++}
 60180 | Vaults:5 | Got a silver rune of Zot
 60527 | Vaults:5 | Found Oklerigg's Distillery.
 60565 | Vaults:5 | Found Feucefex's Distillery.
 60580 | Vaults:5 | Found Qadit's Assorted Antiques.
 60798 | Vaults:5 | Identified the +0 robe "Wetim" {rPois Str-4 Dex+3 Stlth+}
 61186 | Depths:1 | Entered Level 1 of the Depths
 61189 | Depths:1 | Found a one-way gate to the infinite horrors of the Abyss.
 61189 | Depths:1 | Noticed Louise
 61190 | Depths:1 | Killed Louise
 61696 | Depths:1 | Reached skill level 15 in Shields
 61774 | Depths:1 | Found a one-way gate leading to the halls of Pandemonium.
 61778 | Depths:1 | Found a gateway to Hell.
 61969 | Depths:1 | Found a blossoming altar of Fedhas.
 62170 | Depths:1 | Noticed a juggernaut
 62175 | Depths:1 | Killed a juggernaut
 62264 | Depths:1 | Identified the +6 glaive of the Pillar {antimagic, rN+
                  | Str+3 Stlth-}
 62362 | Depths:1 | Identified the +6 dagger "Utwebi" {heavy, rElec Int+5}
 62960 | Depths:2 | Found Esimilu's Jewellery Shoppe.
 62962 | Depths:2 | Found Ziurch's Antique Armour Emporium.
 62965 | Depths:2 | Found Riadgh's General Store.
 63648 | Depths:3 | Noticed Boris
 63699 | Hell     | Entered the Vestibule of Hell
 63699 | Hell     | Noticed Geryon
 63749 | Depths:3 | Killed Boris
 63861 | Depths:3 | Identified the +1 robe "Taov" {Will++}
 64019 | Depths:3 | Reached XP level 24. HP: 48/172 MP: 34/39
 64452 | Depths:3 | Found a one-way gateway to a ziggurat.
 64855 | Depths:3 | Identified the +10 scimitar "Dragonbane" {flame, rElec
                  | rPois rF++ Will-}
 64890 | Depths:4 | Entered Level 4 of the Depths
 65171 | Depths:4 | Noticed Sojobo
 65184 | Depths:3 | Killed Sojobo
 66225 | Depths:4 | Found a gate to the Realm of Zot.
 66969 | Crypt:1  | Entered Level 1 of the Crypt
 68467 | Crypt:2  | Identified the amulet "Zani" {RegenMP rN+}
 68779 | Crypt:3  | Entered Level 3 of the Crypt
 68780 | Crypt:3  | Noticed Mennas
 68784 | Crypt:3  | Killed Mennas
 68796 | Crypt:3  | Noticed Frederick
 68797 | Crypt:3  | Killed Frederick
 69285 | Crypt:3  | Found a large runed translucent door.
 69285 | Crypt:3  | Found a large runed translucent door.
 69293 | Crypt:3  | Noticed Uroast's ghost (veteran MiGl)
 69553 | Crypt:3  | Found a staircase to the Tomb.
 69797 | Crypt:3  | Found an ancient bone altar of Kikubaaqudgha.
 69955 | Crypt:3  | Identified the +7 falchion "Lihinofemy" {drain, rC++ rCorr}
 69957 | Crypt:3  | Got the Codex of Bones
 70051 | Crypt:3  | Identified the +2 chain mail "Ijustoppav" {Rampage Stlth+}
 70077 | Crypt:3  | Gained mutation: You are surrounded by an aura of silence.
                  | [demonic ancestry]
 70077 | Crypt:3  | Reached XP level 25. HP: 177/177 MP: 29/41
 70998 | Depths:1 | Voluntarily entered the Abyss.
 71056 | Abyss:1  | Found a corrupted altar of Lugonu.
 71242 | Abyss:2  | Found a corrupted altar of Lugonu.
 72140 | Abyss:4  | Found an iron altar of Okawaru.
 72285 | Abyss:4  | Reached skill level 15 in Spellcasting
 72541 | Abyss:5  | Found a corrupted altar of Lugonu.
 72583 | Abyss:5  | Found a corrupted altar of Lugonu.
 72628 | Abyss:5  | Found a corrupted altar of Lugonu.
 72653 | Abyss:5  | Noticed a dread lich
 72829 | Abyss:5  | Reached skill level 23 in Conjurations
 73510 | Abyss:5  | Got an abyssal rune of Zot
 73569 | Abyss:5  | Found a corrupted altar of Lugonu.
 73590 | Abyss:5  | Found a corrupted altar of Lugonu.
 73597 | Depths:1 | Escaped the Abyss
 73702 | Zot:1    | Entered Level 1 of the Realm of Zot
 74024 | Zot:1    | You fall into a shaft and drop 1 floor!
 74051 | Zot:1    | Gained mutation: Your demonic aura causes all spilled blood
                  | to erupt in flames. [demonic ancestry]
 74051 | Zot:1    | Reached XP level 26. HP: 184/184 MP: 36/43
 76763 | Zot:3    | Reached skill level 24 in Conjurations
 76912 | Zot:3    | Found the +4 dragonskin cloak
 76912 | Zot:3    | Noticed Tiamat
 76920 | Zot:3    | Killed Tiamat
 78330 | Zot:5    | Entered Level 5 of the Realm of Zot
 78409 | Zot:5    | Identified the ring of Raneuf {Dex+5 SInv}
 78474 | Zot:5    | Reached skill level 15 in Earth Magic
 78487 | Zot:5    | Reached XP level 27. HP: 190/190 MP: 16/45
 78839 | Zot:5    | Identified the +0 pair of boots "Foshroan" {Fly rN+++
                  | Will-}
 79259 | Zot:5    | Noticed an ancient lich
 79261 | Zot:5    | Killed an ancient lich
 79300 | Zot:5    | Noticed an orb of fire
 79300 | Zot:5    | Gained mutation: You occasionally lose the ability to drink
                  | potions when taking damage. [an orb of fire]
 79304 | Zot:5    | Noticed an orb of fire
 79304 | Zot:5    | Noticed an orb of fire
 79306 | Zot:5    | Noticed an orb of fire
 79310 | Zot:5    | Gained mutation: You are dopey. (Int -2) [an orb of fire]
 79312 | Zot:5    | Killed an orb of fire
 79312 | Zot:5    | Killed an orb of fire
 79723 | Zot:5    | Killed an orb of fire
 79888 | Zot:5    | Noticed an orb of fire
 79888 | Zot:5    | Gained mutation: You are weak. (Str -2) [an orb of fire]
 79894 | Zot:5    | Killed an orb of fire
 80089 | Zot:5    | Noticed an orb of fire
 80092 | Zot:5    | Killed an orb of fire
 80172 | Zot:5    | Noticed an orb of fire
 80176 | Zot:5    | Noticed an orb of fire
 80180 | Zot:5    | Noticed an orb of fire
 80181 | Zot:5    | Noticed an orb of fire
 80181 | Zot:5    | Gained mutation: You do not regenerate when monsters are
                  | visible. [an orb of fire]
 80191 | Zot:5    | Gained mutation: You are frail. (-10% HP) [an orb of fire]
 80193 | Zot:5    | Gained mutation: You sometimes lose the ability to drink
                  | potions when taking damage. [an orb of fire]
 80194 | Zot:5    | Gained mutation: You are very weak. (Str -4) [an orb of
                  | fire]
 80196 | Zot:5    | Gained mutation: You occasionally lose the ability to read
                  | scrolls when taking damage. [an orb of fire]
 80196 | Zot:5    | Gained mutation: You are very frail. (-20% HP) [an orb of
                  | fire]
 80197 | Zot:5    | HP: 4/152 [death cob (20)]
 80198 | Zot:5    | Noticed an orb of fire
 80198 | Zot:5    | Mangled by an Orb Guardian

Illustrated notes

Levels and vault maps discovered:
D:1:      dpeg_arrival_court, layout_loops_ring
D:2:      layout_rooms, st_stairs_3, minmay_hedge_maze
D:3:      layout_loops_corners, grunt_temple_overflow_open,
          cheibrodos_sewer_entry_sluice, serial_shops, shop_statue
D:4:      kennysheep_kobold_camp, layout_layer_cave,
          mainiacjoe_overflow_small_starburst, nicolae_titane
D:5:      cheibrodos_barr_body, layout_cave_pools, minmay_temple_entry_fiery
D:6:      layout_rooms, serial_park_tiny_1
D:7:      layout_rooms, enter_ossuary_4, uniq_menkaure, uniq_maggie, uniq_joseph
D:8:      layout_basic
D:9:      layout_loops_cross, minmay_misc_feat_doors, centaur_isle, uniq_pikel
D:10:     layout_basic, tso_metal_star, lair_entry_dummy, serial_shops, shop,
          hangedman_minor_magic
D:11:     kennysheep_six_static_rooms, layout_rooms, orc_0_dummy,
          kennysheep_flooded_box
D:12:     minmay_firetagon, layout_stronghold, serial_column_ruins,
          column_ruins_hut, column_ruins_hut, column_ruins_grid_3,
          column_ruins_open_small, column_ruins_open_medium_water,
          column_ruins_corridor_straight, column_ruins_open_tiny
D:13:     layout_gridville, serial_shops, nicolae_shop_statue_plus, st_stairs_8,
          uniq_jorgrun, uniq_lodul
D:14:     layout_basic, hangedman_vaults_entry_quadrant_bands, serial_shops,
          shop, nicolae_sif_muna_condensation
D:15:     gammafunk_enter_depths_forms, layout_loops_cross,
          hangedman_abyss_or_decor_jellyfish_corner, ice2_lemuel
Temple:   bh_familiar_temple
Lair:1:   layout_cave_shapes, basic_altar, grunt_megastairs_5,
          infiniplex_staircase_pool, uniq_amaemon
Lair:2:   layout_cave_pods, wad_woods_03
Lair:3:   layout_roguey, minmay_shoals_entry_beasts, dummy_snake_entry,
          beast_lair_carwin_8
Lair:4:   layout_loops_ring, minmay_slime_entry_pillars
Lair:5:   evilmike_catoblepas_cave, layout_small_grid,
          chequers_serial_rivers_large_b, nicolae_lair_run_with_the_wolves,
          infiniplex_staircase_pool_2, serial_bayou_shore_b, uniq_urug
Shoals:1: layout_shoals, serial_shops, nicolae_shop_advertising_works
          [nicolae_subvault_shop_adworks]
Shoals:2: layout_shoals, serial_shops, shop
Shoals:3: layout_shoals, nicolae_shoals_lost_giant_pillars
Shoals:4: shoals_end_hellmonk_lost_city
Snake:1:  layout_misc_corridors, guppyfry_snake_island, uniq_frances
Snake:2:  layout_cave_shapes, lemuel_fruit_tree, grunt_megastairs_1,
          uniq_vashnia
Snake:3:  layout_chambers, basic_altar, nicolae_snake_snakewalk,
          serial_bayou_shore_a
Snake:4:  johnstein_snake_rune_scales, layout_cave_town, uniq_asterion
Slime:1:  layout_caves
Slime:2:  layout_caves
Slime:3:  layout_caves, nicolae_slime_round_cave
Slime:4:  layout_caves, basic_altar
Slime:5
Orc:1:    emtedronai_trogs_sanctum, layout_caves
Orc:2:    kennysheep_orc_mage_school, layout_caves, gauntlet_entry_generic
Elf:1:    layout_loops_corners, serial_shops, shop,
          portal_ice_cave_entry_ugly_swarm, minmay_elf_necromancy,
          nrook_loot_triangle
Elf:2:    nicolae_elf_blades_crystal_corner, layout_onion_city, basic_altar,
          serial_sigils_hangedman_etch
Elf:3:    grunt_elf_hall_asides, layout_loops_cross
Vaults:1: vaults_room_stairs_pillars, v_misc_28, nicolae_vaults_triangles,
          vaults_mumra_hexcomb, nicolae_vaults_little_squares_6,
          vaults_standard_mumra_enter_the_diamond, vaults_dpeg_ring,
          layout_vaults_chaotic_city
Vaults:2: nicolae_vaults_gold_heap, nicolae_vaults_big_angled_halls,
          nicolae_vaults_circle_grid_a, v_misc_5,
          nicolae_vaults_bisected_inception, vaults_room_fours,
          grunt_vaults_hallway_short, ontoclasm_vaults_loading_screen,
          ontoclasm_vaults_chip, layout_vaults_omnigrid, serial_shops, shop
Vaults:3: v_misc_26, v_pattern_2, nicolae_vaults_circle_grid_b, v_misc_22,
          ontoclasm_vaults_spin, vaults_room_guarded_vault,
          hangedman_vaults_impose, v_misc_11, hangedman_vaults_nails,
          ontoclasm_vaults_pinch, minmay_crypt_entry_necro_gods, v_misc_4,
          ontoclasm_vaults_fault, nicolae_vaults_diagonal_hallway_6,
          nicolae_vaults_little_squares_3, nicolae_vaults_asterisk,
          layout_vaults_omnicross, serial_shops, shop_coins, uniq_boris
Vaults:4: hangedman_vaults_slither, v_misc_5, vaults_room_large_hall, v_misc_5,
          nicolae_vaults_mini_display_case, nicolae_vaults_stairing_the_circle,
          hangedman_vaults_snaps, v_alt_pattern_1, layout_vaults_omnibox
Vaults:5: serial_shops
Crypt:1:  layout_rooms
Crypt:2:  layout_regular_city
Crypt:3:  church_of_pain_bobbens, layout_chaotic_city,
          nicolae_tomb_entry_rubble_hallway, ebering_ghost_disaster_area,
          minivault_23, hangedman_weighted_door, uniq_frederick, uniq_mennas
Depths:1: kennysheep_water_balloons, layout_cave_pools, rand_demon_pan_entry_5,
          nicolae_abyss_entry_one_way_or_another, hell_entry, st_stairs_8,
          fedhas_altar_fruit_tree
Depths:2: regret_index_uskayaw_diablada_macabre, layout_small_grid, abyss_entry,
          serial_bayou_shore_b, hell_entry, rand_demon_pan_entry_4,
          minmay_shop_star
Depths:3: cheibrodos_tormentor_scu, layout_small_grid, enter_ziggurat_f,
          marbit_kobold_abyss_entry, grunt_hell_entry_dis_grunt,
          dk_noncrumbling_3, kennysheep_generic_room_7
Depths:4: grunt_crosshair, layout_basic, wad_floor_pattern_untrapped,
          hangedman_abyss_entry_splay, serial_glass, glass_columns_a,
          glass_columns_c, hell_entry, uniq_sojobo
Hell
Zot:1:    layout_concentric_octagons
Zot:2:    layout_gridlike, st_stairs_4, st_single_dragon_hoard_1
Zot:3:    layout_misc_corridors, grunt_megastairs_4, uniq_tiamat
Zot:4:    layout_gridlike, grunt_megastairs_2
Zot:5:    layout_basic

Skill      XL: |  1  2  3  4  5  6  7  8  9 10 11 12 13 14 15 16 17 18 19 20 21 22 23 24 25 26 27 |
---------------+----------------------------------------------------------------------------------+-----
Earth Magic    | 3 4 5 6 7 8 9 11 12 15 17 | 17.1
Conjurations   | 1 2 4 5 7 8 10 11 12 14 17 19 21 22 23 24 | 24.0
Spellcasting   | 3 4 5 7 8 10 12 14 16 18 | 18.0
Dodging        | 4 5 7 10 | 10.0
Fighting       | 3 4 7 10 | 10.0
Air Magic      | 9 12 | 12.8
Fire Magic     | 5 12 13 15 16 17 18 19 20 | 20.0
Shields        | 9 13 17 18 19 20 | 20.0
Evocations     | 6 10 12 | 12.0
Stealth        | |  1.7
Transmutations | |  0.8

Action                     |  1- 3 |  4- 6 |  7- 9 | 10-12 | 13-15 | 16-18 | 19-21 | 22-24 | 25-27 || total
---------------------------+-------+-------+-------+-------+-------+-------+-------+-------+-------++-------
  Melee: Staff             |    10 |    46 |    13 |    60 |    19 |    26 |     8 |     5 |    27 ||   214
         Punch             |       |       |       |     2 |       |       |     1 |       |       ||     3
  Throw: Javelin           |       |       |       |       |       |       |       |       |    13 ||    13
   Cast: Sandblast         |    50 |   135 |   151 |    15 |       |       |       |       |       ||   351
         Stone Arrow       |       |     4 |    61 |   220 |   120 |       |       |       |       ||   405
         Iron Shot         |       |       |       |    66 |   235 |   280 |   251 |   171 |   376 ||  1379
         Freezing Cloud    |       |       |       |       |   101 |    38 |       |       |       ||   139
         Arcjolt           |       |       |       |       |    32 |       |       |       |       ||    32
         Fireball          |       |       |       |       |     1 |   272 |    11 |       |       ||   284
         Ignition          |       |       |       |       |       |    72 |   155 |    24 |    45 ||   296
         Fire Storm        |       |       |       |       |       |       |    92 |   326 |   168 ||   586
  Evoke: Wand              |       |       |       |       |       |       |       |     1 |       ||     1
    Use: Potion            |     2 |       |       |       |     3 |     8 |     6 |    16 |    33 ||    68
         Scroll            |       |     5 |    15 |     6 |     4 |    10 |     3 |       |    13 ||    56
 Armour: Robe              |     6 |    45 |    24 |    78 |    86 |    82 |    38 |    27 |    63 ||   449
         Leather armour    |       |       |    25 |       |       |       |       |       |       ||    25
  Dodge: Dodged            |    13 |    78 |    70 |   108 |   134 |   185 |    72 |    54 |   165 ||   879
  Block: Other             |     1 |    47 |    20 |    24 |       |       |       |       |       ||    92
         Reflection        |       |     1 |     3 |     7 |       |       |       |       |       ||    11
         Kite shield       |       |       |       |       |       |       |     6 |    61 |   217 ||   284

Table legend: (Time is in decaauts)
 A = Elapsed time spent in this place.
 B = Non-inter-level travel time spent in this place.
 C = Inter-level travel time spent in this place.
 D = Time resting spent in this place.
 E = Time spent auto-exploring this place.
 F = Levels seen in this place.
 G = Mean time per level.
                   A        B        C        D        E       F      G
               +--------+--------+--------+--------+--------+-----+--------+
         Total |  80720 |  73196 |   7524 |    411 |  60674 |  65 | 1241.8 |
       Dungeon |  20081 |  18155 |   1926 |      0 |  15512 |  15 | 1338.7 |
        Temple |     54 |     42 |     12 |      0 |     29 |   1 |   54.0 |
          Lair |   9181 |   8223 |    958 |      0 |   7268 |   5 | 1836.2 |
        Shoals |   5028 |   4597 |    431 |      0 |   4136 |   4 | 1257.0 |
     Snake Pit |   5894 |   5722 |    172 |      0 |   4824 |   4 | 1473.5 |
    Slime Pits |   2592 |   2474 |    118 |      7 |   2199 |   5 |  518.4 |
  Orcish Mines |   2867 |   2532 |    335 |      0 |   2115 |   2 | 1433.5 |
   Elven Halls |   4132 |   3750 |    382 |      7 |   3016 |   3 | 1377.3 |
        Vaults |  11019 |   9227 |   1792 |    333 |   7324 |   5 | 2203.8 |
         Crypt |   3658 |   3372 |    286 |      0 |   2737 |   3 | 1219.3 |
        Depths |   5388 |   4756 |    632 |     41 |   4065 |   4 | 1347.0 |
          Hell |      1 |      1 |      0 |      0 |      0 |   1 |    1.0 |
           Zot |   6470 |   5996 |    474 |      0 |   4969 |   5 | 1294.0 |
         Abyss |   2573 |   2573 |      0 |     23 |   1208 |   5 |  514.6 |
       Ossuary |    538 |    538 |      0 |      0 |    324 |   1 |  538.0 |
      Ice Cave |    605 |    605 |      0 |      0 |    434 |   1 |  605.0 |
      Gauntlet |    630 |    630 |      0 |      0 |    511 |   1 |  630.0 |
               +--------+--------+--------+--------+--------+-----+--------+

Top non-repeatable levels by time:
  Lair:3: 2795 daAuts
Vaults:1: 2673 daAuts
Vaults:4: 2652 daAuts
Vaults:3: 2611 daAuts
  Lair:5: 2261 daAuts
 Snake:4: 2163 daAuts
    D:14: 2122 daAuts
     D:4: 2121 daAuts
 Crypt:3: 1920 daAuts
    D:10: 1915 daAuts
Shoals:3: 1876 daAuts
 Snake:3: 1833 daAuts
Vaults:2: 1767 daAuts
   Orc:2: 1765 daAuts
    D:15: 1721 daAuts
